 Dungeon Crawl Stone Soup version 0.31-a0-1178-gc5c9b8f871 (webtiles) character file.

Game seed: 4999205925410878529

10321 grandjackal the Fighter (level 11, -8/93 HPs)
             Began as a Demonspawn Gladiator on Dec 12, 2023.
             Was an Initiate of Yredelemnul.
             Mangled by Rupert
             ... wielding a +4 great sword of protection
              (10 damage)
             ... on level 12 of the Dungeon.
             The game lasted 00:10:25 (8630 turns).

grandjackal the Fighter (Demonspawn Gladiator)      Turns: 8630, Time: 00:10:26

Health: -8/93      AC: 17    Str: 20    XL:     11   Next: 34%
Magic:  18/18      EV: 12    Int:  8    God:    Yredelemnul [......]
Gold:   454        SH:  0    Dex: 14    Spells: 10/10 levels left

rFire   + . .        A - +7 broad axe of Conversion {distort, rC+}
rCold   + + .        (no shield)
rNeg    + . .        B - +2 ring mail {Will+}
rPois   +            c - +0 helmet
rElec   .            l - scarf {repulsion}
rCorr   .            z - +4 pair of gloves "Qetupem" {Rampage rN+}
SInv    .            (no boots)
Will    +....        m - amulet of regeneration
Stlth   +            f - ring of protection from fire
HPRegen 1.15/turn    p - ring of protection from cold
MPRegen 0.16/turn

%: repel missiles, rampage
@: no status effects
A: slimy green scales 3, foul stench 1, powered by death 1, demonic touch 2
a: Renounce Religion, Recall Undead Harvest


You were on level 12 of the Dungeon.
You worshipped Yredelemnul.
Yredelemnul was aware of your devotion.
You visited 2 branches of the dungeon, and saw 13 of its levels.
You also visited: Sewer.

You collected 850 gold pieces.
You spent 396 gold pieces at shops.

Inventory:

Hand Weapons
 a - a +0 war axe
 A - the +7 broad axe of Conversion (weapon) {distort, rC+}
   (You found it on level 4 of the Dungeon)

   rC+:       It protects you from cold.
 J - a +0 scythe
Missiles
 d - 8 throwing nets (quivered)
 e - a javelin
 v - a curare-tipped dart
Armour
 c - a +0 helmet (worn)
 l - a scarf of repulsion (worn)
 z - the +4 pair of gloves "Qetupem" (worn) {Rampage rN+}
   (You found it on level 3 of the Dungeon)

   rN+:       It protects you from negative energy.
   Rampage:   It bestows one free step when moving towards enemies.
 B - a +2 ring mail of willpower (worn)
 N - the +0 scale mail of Mezcal {Will+ Int-2 Dex+4 Stlth+}
   (You bought it in a shop on level 8 of the Dungeon)

   Int-2:     It affects your intelligence (-2).
   Dex+4:     It affects your dexterity (+4).
   Will+:     It increases your willpower.
   Stlth+:    It makes you more stealthy.
Jewellery
 f - a ring of protection from fire (left hand)
 h - a +6 ring of dexterity
 m - an amulet of regeneration (around neck)
 p - a ring of protection from cold (right hand)
 q - a +6 ring of intelligence
Wands
 G - a wand of mindburst (18)
 K - a wand of flame (8)
 M - a wand of charming (25)
 O - a wand of roots (10)
 P - a wand of digging (6)
Scrolls
 b - 2 scrolls of fog {unknown}
 g - a scroll of torment
 i - 3 scrolls of poison
 o - 2 scrolls of blinking {unknown}
 r - 2 scrolls of silence {unknown}
 s - 2 scrolls of amnesia {unknown}
 u - 3 scrolls of revelation {unknown}
 w - 4 scrolls of fear {unknown}
 y - 4 scrolls of teleportation
 E - 2 scrolls of enchant armour
 F - 2 scrolls of vulnerability {unknown}
 I - a scroll of immolation
 Q - 2 scrolls of brand weapon
 R - a scroll of enchant weapon
Potions
 j - a potion of lignification
 k - 3 potions of curing
 n - 2 potions of heal wounds
 t - 3 potions of cancellation
 x - a potion of resistance
 C - 4 potions of brilliance
 D - 5 potions of enlightenment
 H - 2 potions of might
 L - a potion of mutation


   Skills:
 + Level 11.5 Fighting
 + Level 10.7 Axes
 - Level 2.0 Throwing
 - Level 3.0 Dodging
 + Level 10.5 Invocations


You had 10 spell levels left.
You didn't know any spells.
Your spell library contained the following spells:

 Spells                   Type           Power      Damage    Failure   Level
 Foxfire                  Conj/Fire      0%         2x1d4     58%         1
 Shock                    Conj/Air       0%         1d3       58%         1
 Gell's Gravitas          Tloc           0%         N/A       92%         3
 Sigil of Binding         Hex            0%         N/A       92%         3
 Swiftness                Air            0%         N/A       92%         3
 Teleport Other           Tloc           0%         N/A       92%         3
 Airstrike                Air            0%         2d(0-16)  100%        4
 Leda's Liquefaction      Hex/Erth       0%         N/A       100%        4
 Dispersal                Tloc           0%         N/A       100%        6
 Plasma Beam              Fire/Air       0%         2x1d10    100%        6
 Starburst                Conj/Fire      0%         6d3       100%        6


Dungeon Overview and Level Annotations

Branches:
Dungeon (12/15)            Temple (1/1) D:5            Lair (0/5) D:10
  Sewer (visited)
    Orc: D:9-12

Altars:
Ashenzari
Cheibriados
Dithmenos
Fedhas
Gozag
Hepliaklqana
Kikubaaqudgha
Makhleb
Nemelex Xobeh
Okawaru
Qazlal
Ru
Sif Muna
Trog
Uskayaw
Vehumet
Wu Jian
Xom
Yredelemnul

Shops:
D:4 [   D:8 [   D:9 (

Portals:
Trove: D:10 (give +3 storm dragon scales)

Annotations:
D:12 Rupert
Abyss:1 Duvessa


Innate Abilities, Weirdness & Mutations

You are completely covered in slimy green scales. (AC +4, rPois)
You may rarely emit foul miasma when damaged in melee.
You regenerate a little health from kills.
Your touch may inflict irresistible damage on your foes.


Message History

You throw a throwing net. The throwing net hits Rupert.
Rupert is caught in the net!
Rupert is moderately wounded.
Rupert is engulfed in dark miasma.
Rupert is poisoned.
Rupert seems to slow down.
Rupert struggles against the net.
You slice Rupert!!
Space warps around Rupert.
You touch Rupert!
Rupert is heavily wounded.
Rupert is no longer moving slowly.
Rupert is engulfed in dark miasma.
Rupert looks even sicker.
Rupert struggles against the net.
Unknown command.
You hit Rupert but do no damage.
Space warps horribly around Rupert!!
Rupert is severely wounded.
Rupert is engulfed in dark miasma.
Rupert looks even sicker.
Rupert seems to slow down.
Rupert struggles against the net.
Unknown command.
You slice Rupert!!
Space warps horribly around Rupert!
Rupert is almost dead.
You slash the slime creature!
Space warps horribly around the slime creature!!
Rupert is no longer moving slowly.
Rupert is engulfed in dark miasma.
Rupert looks as sick as possible!
Rupert struggles against the net.
Two slime creatures merge to form a large slime creature.
You slash Rupert!
Rupert is almost dead.
You hit the large slime creature.
Rupert is engulfed in dark miasma.
Rupert looks as sick as possible!
Rupert struggles against the net.
The net rips apart, and Rupert comes free!
Rupert is engulfed in dark miasma.
Rupert looks as sick as possible!
Rupert hits you with a +4 great sword of protection!
The large slime creature hits you!!
* * * LOW HITPOINT WARNING * * *
You barely miss Rupert.
Rupert is almost dead.
You slash the large slime creature!
The large slime creature blinks!
Rupert is engulfed in dark miasma.
Rupert looks as sick as possible!
Rupert seems to slow down.
Rupert hits you with a +4 great sword of protection!
You die...
Rupert roars with triumph.
Your body rises from the dead as a mindless zombie.

# .# ##.#
#######..###.#
#.$<..@@(.....
#.#####ยง......
# ..#####
.J#$)?# ..#?(?#
..#[[$# ..#####
.[.....


You could see Rupert (berserk, extremely poisoned, slow) and a large slime
creature.

Vanquished Creatures
  2 two-headed ogres (D:10)
  Amaemon (D:8)
  An orange demon (D:8)
  An unseen horror (D:11)
  A komodo dragon (D:11)
  Sigmund (D:6)
  2 shadows
  12 yaks
  2 wraiths
  Eustachio (D:6)
  2 wyverns
  A steam dragon (D:7)
  An acid dragon (D:11)
  A water moccasin (D:5)
  3 orc warriors
  2 sky beasts
  2 ice beasts
  An ogre (D:5)
  4 centaurs
  A phantom (D:6)
  2 kobold brigands
  5 bullfrogs
  2 scorpions
  A gnoll sergeant (D:9)
  Dowan (D:7)
  13 killer bees
  A howler monkey (D:10)
  2 hounds
  3 jellies
  4 orc priests
  A gnoll bouda (D:4)
  An iguana (D:6)
  A sleepcap (D:6)
  6 orc wizards
  14 gnolls
  12 adders
  3 river rats
  A shadow imp (D:5)
  5 worms
  2 dart slugs
  17 orcs
  11 bats
  A bat zombie (D:3)
  8 endoplasms
  10 giant cockroaches
  6 goblins
  6 hobgoblins
  5 jackals
  6 quokkas
  10 ball pythons
  8 frilled lizards
  15 kobolds
  4 rats
  2 rat zombies (D:3)
231 creatures vanquished.

Vanquished Creatures (collateral kills)
  2 yaks
  A scorpion (D:7)
  3 killer bees
  An orc priest (D:11)
  An orc (D:8)
  2 kobolds (D:9)
10 creatures vanquished.

Vanquished Creatures (others)
  A yak zombie (D:11)
  A centaur zombie (D:11)
  A bullfrog zombie (D:8)
  2 killer bee zombies (D:8)
  3 kobold zombies (D:9)
  2 orc zombies (D:11)
  2 gnoll zombies
12 creatures vanquished.

Grand Total: 253 creatures vanquished

Notes
Turn   | Place    | Note
-------+----------+-------------------------------------------
     0 | D:1      | grandjackal the Demonspawn Gladiator began the quest for
                  | the Orb.
     0 | D:1      | Reached XP level 1. HP: 16/16 MP: 1/1
    31 | D:1      | Gained mutation: You are partially covered in slimy green
                  | scales. (AC +2) [demonic ancestry]
    31 | D:1      | Reached XP level 2. HP: 12/22 MP: 2/2
   304 | D:1      | Reached XP level 3. HP: 28/28 MP: 3/3
  1023 | D:2      | Reached skill level 3 in Fighting
  1135 | D:2      | Gained mutation: You are mostly covered in slimy green
                  | scales. (AC +3) [demonic ancestry]
  1135 | D:2      | Reached XP level 4. HP: 32/35 MP: 4/4
  1653 | D:3      | Found an opulent altar of Gozag.
  1734 | D:3      | Found a faded altar of an unknown god.
  1772 | D:3      | Found an ancient bone altar of Kikubaaqudgha.
  1959 | D:3      | Identified the +4 pair of gloves "Qetupem" {Rampage rN+}
  2233 | D:4      | Identified the +7 broad axe of Conversion {distort, rC+}
  2321 | D:4      | Found Guygeshi's Antique Armour Boutique.
  2326 | D:4      | Gained mutation: You are completely covered in slimy green
                  | scales. (AC +4, rPois) [demonic ancestry]
  2326 | D:4      | Reached XP level 5. HP: 34/42 MP: 5/5
  2328 | D:4      | Reached skill level 4 in Fighting
  2335 | D:4      | Bought a shiny ring mail for 105 gold pieces
  2786 | D:5      | Entered Level 5 of the Dungeon
  2825 | D:5      | Found a glowing drain.
  2831 | D:5      | Gained mutation: You may rarely emit foul miasma when
                  | damaged in melee. [demonic ancestry]
  2831 | D:5      | Reached XP level 6. HP: 48/49 MP: 6/6
  2842 | Sewer    | Entered a sewer
  3369 | D:5      | Found a staircase to the Ecumenical Temple.
  3373 | D:5      | Reached skill level 5 in Axes
  3383 | D:5      | Reached skill level 5 in Fighting
  3567 | D:5      | Noticed a water moccasin
  3574 | D:5      | Killed a water moccasin
  3575 | D:5      | Gained mutation: Your touch may inflict minor irresistible
                  | damage on your foes. [demonic ancestry]
  3575 | D:5      | Reached XP level 7. HP: 54/56 MP: 7/7
  3581 | D:5      | Found an iron altar of Okawaru.
  3853 | D:5      | Reached skill level 6 in Fighting
  4644 | D:6      | Gained mutation: You regenerate a little health from kills.
                  | [demonic ancestry]
  4644 | D:6      | Reached XP level 8. HP: 65/65 MP: 8/8
  4720 | D:6      | Reached skill level 7 in Fighting
  4926 | D:6      | Noticed Eustachio
  4932 | D:6      | Killed Eustachio
  5016 | D:6      | Noticed Sigmund
  5020 | D:6      | Killed Sigmund
  5021 | D:6      | Reached skill level 8 in Fighting
  5268 | Temple   | Entered the Ecumenical Temple
  5307 | Temple   | Became a worshipper of Yredelemnul the Dark
  5397 | D:7      | Noticed Duvessa
  5398 | D:7      | Noticed Dowan
  5399 | D:7      | Banished Duvessa
  5400 | D:7      | Reached skill level 1 in Invocations
  5410 | D:7      | Reached XP level 9. HP: 70/75 MP: 8/10
  5411 | D:7      | Killed Dowan
  5428 | D:7      | Reached * piety under Yredelemnul
  5559 | D:7      | Found a broken altar of Ashenzari.
  5806 | D:8      | Reached skill level 9 in Fighting
  5806 | D:8      | Found Afamme's Antique Armour Shoppe.
  5810 | D:8      | Reached ** piety under Yredelemnul
  5814 | D:8      | Bought a fine scale mail for 207 gold pieces
  5814 | D:8      | Identified the +0 scale mail of Mezcal {Will+ Int-2 Dex+4
                  | Stlth+} (You bought it in a shop on level 8 of the Dungeon)
  5908 | D:8      | Reached skill level 5 in Invocations
  5978 | D:8      | Noticed Amaemon
  5978 | D:8      | Noticed an orange demon
  5989 | D:8      | Killed Amaemon
  5991 | D:8      | Killed an orange demon
  5992 | D:8      | Reached XP level 10. HP: 63/84 MP: 13/15
  6099 | D:8      | Reached *** piety under Yredelemnul
  6596 | D:9      | Reached skill level 10 in Fighting
  6671 | D:9      | Got the Volume of Charms
  6924 | D:9      | Found a bloodstained altar of Trog.
  6972 | D:9      | Found Fijufieh's Weapon Emporium.
  6989 | D:9      | Bought 2 throwing nets for 84 gold pieces
  7066 | D:9      | Reached **** piety under Yredelemnul
  7067 | D:9      | Reached skill level 10 in Axes
  7252 | D:10     | Entered Level 10 of the Dungeon
  7252 | D:10     | Noticed a two-headed ogre
  7258 | D:10     | Killed a two-headed ogre
  7321 | D:10     | Found a snail-covered altar of Cheibriados.
  7357 | D:10     | Found a staircase to the Lair.
  7415 | D:10     | Reached skill level 11 in Fighting
  7503 | D:10     | Found a burning altar of Makhleb.
  7621 | D:10     | Gained mutation: Your touch may inflict irresistible damage
                  | on your foes. [demonic ancestry]
  7621 | D:10     | Reached XP level 11. HP: 93/93 MP: 18/18
  7635 | D:10     | Found a sacrificial altar of Ru.
  7721 | D:10     | Noticed a two-headed ogre
  7724 | D:10     | Killed a two-headed ogre
  7787 | D:10     | Found a portal to a secret trove of treasure.
  7996 | D:11     | Reached skill level 10 in Invocations
  8620 | D:12     | Noticed Rupert
  8629 | D:12     | HP: 1/93 [large slime creature (29)]
  8630 | D:12     | Mangled by Rupert

Illustrated notes

Levels and vault maps discovered:
D:1:      minmay_arrival_cross, layout_basic
D:2:      layout_loops_ring, mrwooster_statue_mirror, kennysheep_generic_room_12
D:3:      layout_basic, lemuel_zombie_altar_kikubaaqudgha, zin_scriptorium,
          grunt_gozag_breadcrumbs, chequers_ecumenical_altar_island
D:4:      layout_basic, serial_shops, nicolae_shop_stone
D:5:      layout_basic, general_overflow_altar, minmay_temple_entry_hall,
          nicolae_ossuary_entry_monument, portal_sewer_entry_b
D:6:      layout_loops_ring, roderic_lattice_a, uniq_sigmund, uniq_eustachio
D:7:      layout_rooms, kennysheep_little_box, uniq_duvessa
D:8:      minmay_weird_star, layout_gridville, elyvilon_altar_5, serial_shops,
          nicolae_shop_temple_entry_statues_fountains, grunt_ministairs_3,
          serial_library_hellmonk_room_b, uniq_amaemon
D:9:      layout_gridville, trog_hazing_becter, serial_shops,
          nicolae_shop_window_shopping
D:10:     layout_irregular_city, mainiacjoe_overflow_catwalk,
          cheibrodos_worm_habitat, nicolae_overflow_hidden_temple,
          lair_entry_dummy, enter_trove_6
D:11:     nicolae_cairo_tiling, layout_loops_ring
D:12:     regret_index_tunnel_blossom, layout_loops_ring, hiddenorc2_lemuel,
          serial_glass, glass_columns_c, glass_columns_b, due_unseen_surprise,
          uniq_rupert
Temple:   nicolae_temple_slightly_damp_pantheon

Skill      XL: |  1  2  3  4  5  6  7  8  9 10 11 |
---------------+----------------------------------+-----
Throwing       | 2 |  2.0
Axes           | 3 4 5 6 8 9 10 | 10.7
Dodging        | 3 |  3.0
Fighting       | 3 4 5 6 8 9 11 | 11.5
Invocations    | 2 6 9 10 | 10.5

Action                     |  1- 3 |  4- 6 |  7- 9 | 10-12 || total
---------------------------+-------+-------+-------+-------++-------
  Melee: War axe           |   103 |    34 |       |       ||   137
         Punch             |     1 |     1 |     2 |     1 ||     5
         Broad axe         |       |   118 |   113 |   147 ||   378
         Touch             |       |       |    12 |    26 ||    38
  Throw: Throwing net      |       |       |       |     1 ||     1
    Use: Scroll            |       |       |    12 |     4 ||    16
   Stab: Distracted        |       |       |       |     1 ||     1
 Armour: Leather armour    |    64 |    20 |       |       ||    84
         Ring mail         |       |    86 |    88 |   117 ||   291
  Dodge: Dodged            |    88 |    88 |    74 |   122 ||   372
         Repelled          |       |       |     2 |     3 ||     5

Table legend: (Time is in decaauts)
 A = Elapsed time spent in this place.
 B = Non-inter-level travel time spent in this place.
 C = Inter-level travel time spent in this place.
 D = Time resting spent in this place.
 E = Time spent auto-exploring this place.
 F = Levels seen in this place.
 G = Mean time per level.
                   A        B        C        D        E       F      G
               +--------+--------+--------+--------+--------+-----+--------+
         Total |   8951 |   8331 |    620 |     82 |   6639 |  14 |  639.4 |
       Dungeon |   8184 |   7605 |    579 |     82 |   6182 |  12 |  682.0 |
        Temple |     58 |     18 |     40 |      0 |      0 |   1 |   58.0 |
         Sewer |    708 |    708 |      0 |      0 |    456 |   1 |  708.0 |
               +--------+--------+--------+--------+--------+-----+--------+

Top non-repeatable levels by time:
     D:5: 1188 daAuts
     D:6: 881 daAuts
     D:1: 830 daAuts
     D:8: 794 daAuts
     D:2: 725 daAuts
     D:3: 716 daAuts
   Sewer: 708 daAuts
    D:10: 695 daAuts
    D:11: 688 daAuts
     D:9: 674 daAuts
     D:4: 566 daAuts
     D:7: 414 daAuts
  Temple: 58 daAuts
    D:12: 9 daAuts
